[Event "*** Titled Tuesday Blitz"]
[Site "Chess.com"]
[Date "2020.04.21"]
[Round "8"]
[White "Keaton87"]
[Black "GelmanAlexander"]
[Result "0-1"]
[WhiteElo "2654"]
[BlackElo "2507"]
[TimeControl "180+1"]
[EndTime "11:40:03 PDT"]
[Termination "GelmanAlexander won by resignation"]

1. d4 Nf6 2. Bg5 c5 3. Nc3 cxd4 4. Qxd4 Nc6 5. Qh4 e6 6. e4 Be7 7. O-O-O d6 8. f4 Qa5 9. Qe1 O-O 10. Nf3 Rd8 11. e5 dxe5 12. Rxd8+ Qxd8 13. fxe5 Nd5 14. Bxe7 Qxe7 15. Nxd5 exd5 16. Bd3 Be6 17. Qg3 Rc8 18.
a3 h6 19. Kb1 b5 20. Qf4 b4 21. a4 b3 22. c3 Qc5 23. Nd4 Qa5 24. Bb5 Nxd4 25.
Qxd4 Bf5+ 26. Kc1 Qd8 27. Qf4 Be4 28. Rf1 Bg6 29. Kd2 d4 30. Qxd4 Qg5+ 31. Qf4 Qxg2+ 32. Rf2 Rd8+ 33. Ke3 Qg1 34. Bc4 Kh7 35. e6 fxe6 36.
h4 e5 37. Qh2 Qe1+ 38. Re2 Qc1+ 39. Rd2 Rf8 40. h5 Bc2 41. Bd3+ Bxd3 42. Kxd3 Qb1+ 43. Ke3 Qf5 44. Rf2 Qg5+ 45. Ke2 Rd8 46. Ke1 Qc1+ 47. Ke2 Qxb2+ 48. Kf3 Qxc3+ 49. Kg2 Qd4 50. Qg3 Qe4+ 51. Kh2 Rd3 52. Qg2 Qh4+ 53. Kg1 Rd1+ 54. Rf1 Qd4+ 55.
Kh1 Qh4+ 56. Kg1 Qd4+ 57. Kh1 Rxf1+ 58. Qxf1 Qh4+ 59. Kg2 Qg5+ 60. Kh3 Qxh5+ 61. Kg3 Qg5+ 62. Kh3 Qf4 63. Qd3+ e4 64. Qxb3 Qf3+ 65. Qxf3 exf3 66. Kg3 Kg6 67. Kxf3 Kf5 68. Ke3 g5 69. Kd4 g4 70.
Ke3 h5 71. Kf2 h4 72. a5 Kf4 73. a6 g3+ 74. Kg2 Kg4 75. Kh1 h3 76. Kg1 Kf3 77.
Kh1 g2+ 78. Kg1 Ke2 79. Kh2 Kf2 80. Kxh3 g1=Q 0-1

[Event "*** Titled Tuesday Blitz"]
[Site "Chess.com"]
[Date "2020.04.21"]
[Round "8"]
[White "wannabe2700"]
[Black "thedjoker98"]
[Result "1-0"]
[WhiteElo "2664"]
[BlackElo "2488"]
[TimeControl "180+1"]
[EndTime "11:40:03 PDT"]
[Termination "wannabe2700 won by checkmate"]

1. b3 e5 2. Bb2 Nc6 3. e3 Nf6 4.
Bb5 Bd6 5. Na3 Be7 6. Nc4 d6 7. d4 exd4 8. exd4 O-O 9. Nf3 Bg4 10. O-O Nd5 11. Ne3 Nxe3 12. fxe3 Bf6 13. h3 Bh5 14. g4 Bg6 15. Bd3 d5 16. Bxg6 hxg6 17. Qd3 Re8 18. Rae1 Qd6 19. Kg2 Re6 20. c4 Rae8 21.
Re2 a6 22. Rfe1 Re4 23. c5 Qe7 24. Nd2 Re6 25. e4 Bh4 26. Rf1 dxe4 27. Qc4 Bf6 28. d5 Bxb2 29. dxe6 Qxe6 30. Rxe4 Qd7 31. Rxe8+ Qxe8 32. Nf3 Bf6 33. Qd5 Ne7 34. Qxb7 Qd7 35. Qe4 Nd5 36. g5 Be7 37. Ne5 Qe6 38. Re1 Bxc5 39. Nd3 Ne3+ 40. Rxe3 Bxe3 41. Qxe6 fxe6 42. h4 Kf7 43. Ne5+ Ke8 44. Nxg6 Kd7 45. Kf3 Bc1 46. Kg4 Kd6 47. Kf3 Kd5 48. Ne7+ Kd4 49. Nc6+ Kc3 50. Ke4 Kb2 51. Nb4 Bd2 52. Nxa6 Kxa2 53. Nxc7 Kxb3 54.
Nxe6 g6 55. Nf4 Be1 56. Nxg6 Kc4 57. h5 Bd2 58. Kf5 Kd5 59. h6 Kd6 60. h7 Bc3 61.
h8=Q Bxh8 62. Nxh8 Ke7 63. Ng6+ Kf7 64. Nf4 Kg7 65. g6 Kg8 66. Kf6 Kh8 67. Ne6 Kg8 68. g7 Kh7 69. Kf7 Kh6 70. g8=Q Kh5 71. Qg5# 1-0

[Event "*** Titled Tuesday Blitz"]
[Site "Chess.com"]
[Date "2020.04.21"]
[Round "8"]
[White "rpragchess"]
[Black "viditchess"]
[Result "0-1"]
[WhiteElo "2790"]
[BlackElo "2974"]
[TimeControl "180+1"]
[EndTime "11:40:05 PDT"]
[Termination "viditchess won on time"]

1. e4 e5 2. Nf3 Nc6 3. Bc4 Bc5 4. c3 Nf6 5. d3 O-O 6. O-O d5 7. exd5 Nxd5 8. Re1 Bg4 9. h3 Bh5 10. Nbd2 Nb6 11.
Bb3 Qxd3 12. Nxe5 Qf5 13. Nef3 Rad8 14. Qe2 Qc8 15. Ne4 Rde8 16. Bf4 Bg6 17. Nfd2 Nd7 18. h4 Kh8 19. Qd1 h6 20. h5 Bh7 21. Ba4 Bb6 22. Bxc6 bxc6 23. Qf3 Ne5 24. Bxe5 Rxe5 25. Nc4 Re6 26. Nxb6 axb6 27. Ng3 Rfe8 28. Rxe6 Qxe6 29. Rd1 Kg8 30. a3 c5 31. Nf1 Be4 32. Qg3 Qe7 33. Ne3 Rd8 34. Rxd8+ Qxd8 35. Qe5 Bb7 36. c4 Kf8 37.
Nd5 Bxd5 38. cxd5 Qe7 39. Qf5 Qe1+ 40. Kh2 Ke7 41. g3 Qe2 42. Kg2 Qxb2 43. Qe4+ Kd8 44. Qa4 Qe5 45. Qa8+ Ke7 46. a4 Qxh5 47. a5 bxa5 48.
Qc6 Qe5 49. Qxc5+ Kf6 50. Qxa5 c6 51. Qd8+ Qe7 52. Qa8 Qe4+ 53. f3 Qxd5 54. g4 Kg6 55. Qa3 c5 56. Qa6+ Kh7 57. Qc8 c4 58. Kf2 Qd2+ 59.
Kg3 Qd3 60. Kh4 c3 61. f4 c2 62. f5 Qd2 0-1

[Event "*** Titled Tuesday Blitz"]
[Site "Chess.com"]
[Date "2020.04.21"]
[Round "8"]
[White "mirochka"]
[Black "bupunsu01"]
[Result "0-1"]
[WhiteElo "2170"]
[BlackElo "2290"]
[TimeControl "180+1"]
[EndTime "11:40:06 PDT"]
[Termination "bupunsu01 won on time"]

1. e4 Nf6 2. e5 Nd5 3. d4 d6 4.
Nf3 Bg4 5. Be2 e6 6. O-O Be7 7. c4 Nb6 8. Nc3 O-O 9. Be3 Nc6 10. exd6 cxd6 11. d5 exd5 12. Bxb6 Qxb6 13. Nxd5 Qxb2 14. Rb1 Qxa2 15. Rxb7 Bd8 16. Nc3 Qa5 17. Nb5 Bc8 18.
Nxd6 Bxb7 19. Nxb7 Qc7 20. Nxd8 Rfxd8 21. Qa1 a5 22. Qa4 Nd4 23. Nxd4 Rxd4 24. Ra1 h6 25. g3 Rd2 26. Bf3 Rc8 27. Bd5 Qc5 28. Rf1 Rf8 29. Qd7 Qb4 30. Qf5 a4 31. c5 Qd4 32. Be4 g6 33.
Qf4 Re2 34. Bf3 Qxf4 35. gxf4 Rc2 36. c6 a3 37. Bd5 a2 38. Ra1 Rd8 39. Bxa2 Rxc6 40.
Bb3 Kg7 41. Ra7 Rf6 42. Kg2 Rxf4 43. Kg3 Rf6 44. Bc4 Rd4 45. Rc7 h5 46. h3 h4+ 47.
Kg2 Rd2 48. Bb3 Rfxf2+ 49. Kg1 Rg2+ 50. Kf1 Rdf2+ 51. Ke1 Rf6 52. Bd5 Rg3 0-1

[Event "*** Titled Tuesday Blitz"]
[Site "Chess.com"]
[Date "2020.04.21"]
[Round "8"]
[White "Neimar24"]
[Black "Rozum_Ivan"]
[Result "0-1"]
[WhiteElo "2567"]
[BlackElo "2728"]
[TimeControl "180+1"]
[EndTime "11:40:07 PDT"]
[Termination "Rozum_Ivan won by resignation"]

1. e4 c6 2. d4 d5 3. e5 Bf5 4. c4 e6 5. Nc3 Ne7 6. Nf3 dxc4 7.
Bxc4 Nd7 8. h3 Nb6 9. Bd3 Bxd3 10. Qxd3 Ned5 11. Ne4 Be7 12. O-O h6 13. Bd2 O-O 14.
Rac1 Qd7 15. Rfe1 Rad8 16. Ng3 Nc7 17. Qe4 f5 18. exf6 Bxf6 19. Nh5 Bxd4 20. Rcd1 Qf7 21. Qg4 Kh8 22. Nf4 Kh7 23. Nxe6 Nxe6 24. Rxe6 Bxb2 25. Rde1 Rxd2 26. Nxd2 Qxf2+ 27. Kh1 Qxd2 28. Qg6+ Kh8 29. Re8 Nd7 30. Rxf8+ Nxf8 31. Re8 Ba3 32. Qf7 Qd1+ 33. Kh2 Qd6+ 34. Kh1 Bc5 35. h4 Qf6 36.
Qxf6 gxf6 37. Rb8 b5 38. Rc8 Kg7 39. Rc7+ Kg6 40. Rxc6 Bb6 41. g4 Nd7 42. Kg2 Ne5 43. Re6 Nxg4 44. Kh3 Ne5 45. Rd6 b4 46. h5+ Kg5 47.
Rd5 Be3 48. Rb5 Kxh5 49. Rxb4 Bb6 50. a4 Kg5 51. Rb5 h5 52. a5 Be3 53. a6 Kf5 54.
Rb3 Ke4 55. Ra3 f5 56. Ra4+ Bd4 57. Ra3 f4 58. Kh4 f3 59. Kg3 f2 60. Kg2 Nc4 61.
Ra4 Nd2 62. Rxd4+ Kxd4 63. Kxf2 Nb3 64. Kg3 Nc5 65. Kh4 Nxa6 0-1

[Event "*** Titled Tuesday Blitz"]
[Site "Chess.com"]
[Date "2020.04.21"]
[Round "8"]
[White "ChrisTool2"]
[Black "MPGM"]
[Result "0-1"]
[WhiteElo "2403"]
[BlackElo "2544"]
[TimeControl "180+1"]
[EndTime "11:40:07 PDT"]
[Termination "MPGM won by resignation"]

1. d4 d5 2. c4 Bf5 3. Nc3 e6 4. Nf3 Nf6 5. cxd5 exd5 6. Qb3 Nc6 7. Bg5 Bb4 8. e3 O-O 9. Be2 Bxc3+ 10. bxc3 Na5 11.
Qa4 c6 12. O-O b6 13. Ne5 Rc8 14. Ba6 Rc7 15. Bd3 Bxd3 16. Nxd3 h6 17. Bxf6 Qxf6 18. Ne5 Qd6 19. Rac1 f6 20. Ng6 Re8 21. Nf4 Nc4 22. Qc2 a5 23. Qg6 Qd7 24. Nh5 Kh8 25.
Nxg7 Rf8 26. Qxh6+ Kg8 27. Nh5 Qf7 28. Nf4 Re8 29.
Qh4 Qg7 30. Rfe1 Rce7 31. Nh5 Qh8 32. Nxf6+ Kf7 33. Qxh8 Rxh8 34. Ng4 b5 35. h3 Rb8 36. f3 b4 37. cxb4 Rxb4 38. e4 Rb2 39. exd5 Rxe1+ 40. Rxe1 cxd5 41. Ne5+ Kg7 42. Nxc4 dxc4 43. Rc1 Rb4 44. d5 Kf6 45. Kf2 Ke5 46. g4 Kxd5 47.
h4 Rb2+ 48. Ke3 Rxa2 49. h5 Rh2 50. Kf4 Kd4 51. Rd1+ Kc3 52. Kf5 Kc2 53. Rd5 a4 54. Kg6 a3 55. g5 a2 56. Ra5 Kb2 57. Rb5+ Kc3 58. Ra5 Kb4 59. Ra8 c3 60. h6 Kb3 61.
Rb8+ Kc2 62. Ra8 Kb1 63. Kg7 a1=Q 64. Rxa1+ Kxa1 65. g6 c2 66. h7 c1=Q 67. h8=Q Qc3+ 68. Kf7 Qxh8 69. g7 Qh7 70. f4 Rg2 71. f5 Rxg7+ 72.
Ke6 Re7+ 0-1

[Event "*** Titled Tuesday Blitz"]
[Site "Chess.com"]
[Date "2020.04.21"]
[Round "8"]
[White "amiralfio"]
[Black "ahachess"]
[Result "0-1"]
[WhiteElo "2514"]
[BlackElo "2384"]
[TimeControl "180+1"]
[EndTime "11:40:07 PDT"]
[Termination "ahachess won by resignation"]

1. e4 c5 2. Nf3 d6 3. d4 cxd4 4. Nxd4 Nf6 5. Nc3 a6 6. h4 b5 7. a4 b4 8. Nd5 Nxd5 9. exd5 h5 10. Bg5 g6 11. Bc4 Bg7 12. O-O O-O 13. Re1 Re8 14. a5 Qc7 15. Bb3 Bg4 16. Qd3 Qc5 17. Ne6 Bxe6 18.
dxe6 f5 19. Bd5 Ra7 20. Be3 Qc7 21. Bxa7 Qxa7 22. Ra2 Rc8 23. g3 Rc7 24. Rc1 Bd4 25. Qf3 Be5 26. c4 bxc3 27. bxc3 Qc5 28. c4 Nc6 29.
Bxc6 Rxc6 30. Kg2 Rc7 31. Rb1 Qxc4 32. Re2 Qxe6 33. Qa8+ Rc8 34. Qxa6 Qd5+ 35. Kg1 Ra8 36. Qb5 Rxa5 37. Qe8+ Kg7 38. Qxe7+ Qf7 39. Qd8 Ra7 40. Qb8 Re7 41. Kg2 f4 42. Rbe1 f3+ 43. Kf1 fxe2+ 44. Rxe2 Qf6 45. Qb3 Rf7 46. Qd5 Qf5 47.
f4 Bf6 48. Qxd6 Qh3+ 49. Kf2 Qh2+ 50. Kf3 Qh1+ 51. Kf2 Qh2+ 52. Kf3 Qh1+ 53. Kf2 Ba1 54. Qd5 Qxd5 0-1

[Event "*** Titled Tuesday Blitz"]
[Site "Chess.com"]
[Date "2020.04.21"]
[Round "8"]
[White "Pavlov_Sergey"]
[Black "kpio91"]
[Result "1/2-1/2"]
[WhiteElo "2647"]
[BlackElo "2770"]
[TimeControl "180+1"]
[EndTime "11:40:08 PDT"]
[Termination "Game drawn - insufficient material"]

1. Nf3 d5 2. c4 d4 3. b4 c5 4. g3 cxb4 5. a3 bxa3 6. Bxa3 Nc6 7. d3 e5 8. Bxf8 Kxf8 9. Bg2 g6 10. O-O Kg7 11.
Nbd2 Nf6 12. Qa4 Re8 13. Rfb1 Rb8 14. Ng5 Bd7 15. Nge4 Nxe4 16. Nxe4 b6 17. Nd6 Re6 18.
Bxc6 Rxd6 19. Bxd7 Rxd7 20. Rb5 Re7 21. Rd5 Qc7 22.
Qb5 Rbe8 23. c5 bxc5 24. Rxc5 Qb8 25. Qxb8 Rxb8 26. Raa5 f6 27. Rc6 Rb2 28. Kf1 h5 29. Raa6 Rf7 30. h4 Rb1+ 31. Kg2 Rbb7 32. f3 Rb8 33.
Kf2 Rbf8 34. Rd6 Rb7 35. Rdc6 Rff7 36. Rd6 Rb8 37. Rdc6 Rb1 38. Rd6 Rc1 39. Re6 Rc2 40. Red6 Rc8 41. Re6 Rcf8 42. Red6 Rh8 43. Rdc6 Rh6 44.
Rc8 g5 45. Ra8 gxh4 46. gxh4 Kg6 47. R8xa7 Rxa7 48. Rxa7 Rh8 49. f4 exf4 50. Rd7 Kf5 51. Rxd4 Re8 52. Rd5+ Kg4 53. Rd6 Rf8 54. Rd4 Re8 55.
Rd6 f5 56. Rg6+ Kxh4 57. Kf3 Re3+ 58. Kxf4 Rxe2 59. Kxf5 Kh3 60. d4 h4 61. d5 Rg2 62.
Rxg2 Kxg2 63. d6 h3 64. d7 h2 65. d8=Q h1=Q 66. Qa8+ Kh2 67. Qxh1+ Kxh1 1/2-1/2

[Event "*** Titled Tuesday Blitz"]
[Site "Chess.com"]
[Date "2020.04.21"]
[Round "8"]
[White "JoakimVonAnd"]
[Black "Kobalia"]
[Result "0-1"]
[WhiteElo "2524"]
[BlackElo "2719"]
[TimeControl "180+1"]
[EndTime "11:40:08 PDT"]
[Termination "Kobalia won by resignation"]

1. d4 d5 2. c4 c6 3. cxd5 cxd5 4. Nc3 e6 5. Bf4 Bd6 6. Bg3 Ne7 7. e3 Nf5 8. Bd3 Nxg3 9. hxg3 Nc6 10. Nf3 Bd7 11. Rc1 Qe7 12. a3 f5 13. Nd2 g6 14.
g4 O-O-O 15. gxf5 gxf5 16. g3 Kb8 17. Na4 h5 18. Nc5 h4 19. Rxh4 Rxh4 20. gxh4 Bxc5 21. Rxc5 Qxh4 22. Nf3 Qh3 23. Ke2 Be8 24. Qf1 Qg4 25. Qg1 Bh5 26. Qxg4 Bxg4 27. Rc1 Rh8 28. Rg1 Rh3 29.
Rxg4 fxg4 30. Ng5 Rh6 31. Kf1 Nd8 32. Kg2 Rh5 33. Nh7 Nf7 34. Nf6 Rg5 35. Kg3 Nh6 36.
Kf4 Rg7 37. Nh5 Rf7+ 38. Kg5 Nf5 39. Kxg4 Kc7 40. Nf4 Kd6 41. Kf3 Rh7 42. Ke2 Rh1 43. Kd2 a6 44. Be2 Rh2 45. Bd3 Rxf2+ 46. Kc3 b5 47.
Bxf5 exf5 48. Nd3 Re2 49. Nf4 Rxe3+ 50. Kd2 Re4 51. Ne2 f4 52. Kd3 f3 53. Ng3 f2 54.
Nxe4+ dxe4+ 55. Ke2 e3 56. Kf1 Kd5 57. Ke2 Kxd4 58.
b3 Ke4 59. a4 bxa4 60. bxa4 Kf4 61. a5 Ke4 62. Kf1 Kd3 63. Kg2 Kd2 64. Kg3 e2 0-1

[Event "*** Titled Tuesday Blitz"]
[Site "Chess.com"]
[Date "2020.04.21"]
[Round "8"]
[White "Olga_Zhuravleva"]
[Black "steepedgames"]
[Result "0-1"]
[WhiteElo "2201"]
[BlackElo "2338"]
[TimeControl "180+1"]
[EndTime "11:40:11 PDT"]
[Termination "steepedgames won on time"]

1. e4 c5 2. Nf3 Nc6 3. Nc3 g6 4. d4 Bg7 5. dxc5 Qa5 6. Bd2 Qxc5 7. Bd3 d6 8. O-O a6 9. a3 Nf6 10. Re1 O-O 11. Be3 Qh5 12. Nd4 Ng4 13. Nf3 Nce5 14.
h3 Nxe3 15. Rxe3 Bh6 16. Re1 Nxf3+ 17. Qxf3 Qxf3 18. gxf3 Bxh3 19. Nd5 Rae8 20. Nc7 Rc8 21. Nd5 Rfe8 22. c3 Bg7 23. Kh2 Be6 24. Rad1 Be5+ 25. Kg2 Bg7 26. Bc2 Rc5 27. Re3 Kf8 28. Nb6 Rg5+ 29. Kf1 Be5 30. Nd5 Rh5 31. Ke2 Rc8 32.
Red3 Rh2 33. Rg1 h5 34. Rdd1 h4 35. Bd3 h3 36. Rh1 g5 37. Rxh2 Bxh2 38. Rh1 Bf4 39. Ne3 Bxe3 40. fxe3 Kg7 41. Kf2 Rh8 42. Kg3 Kf6 43. f4 Rh4 44. f5 Bb3 45. Rxh3 Rxh3+ 46. Kxh3 e6 47. fxe6 fxe6 48. Kg4 Bd1+ 49. Kg3 Ke5 50. Kf2 a5 51. Kg3 b6 52. Kf2 Bg4 53. Kg3 Bh5 54. Kf2 Bg6 55. Kf3 d5 56. Bf1 Bxe4+ 57. Kg4 Kf6 58. Bb5 Bf5+ 59. Kg3 Ke5 60. Bd7 Ke4 61.
Kf2 g4 62. Ba4 g3+ 63. Kxg3 Kxe3 64. Bb5 e5 65. Bc6 d4 66. cxd4 exd4 67. Kg2 Bd3 68. Bd7 Be2 69. Ba4 d3 70. b4 d2 71. bxa5 bxa5 72. Kg3 Bf3 0-1

[Event "*** Titled Tuesday Blitz"]
[Site "Chess.com"]
[Date "2020.04.21"]
[Round "8"]
[White "Mischuk_D"]
[Black "jefferyx"]
[Result "0-1"]
[WhiteElo "2702"]
[BlackElo "2857"]
[TimeControl "180+1"]
[EndTime "11:40:15 PDT"]
[Termination "jefferyx won on time"]

1. e4 e5 2. Nf3 Nc6 3. Bb5 Nf6 4.
O-O Nxe4 5. Re1 Nd6 6. Nxe5 Be7 7. Bf1 Nf5 8. Nf3 O-O 9. d4 d5 10. Bf4 g5 11. Bc1 Bf6 12. c3 h6 13. Bd3 Re8 14. Rxe8+ Qxe8 15. Nbd2 Be6 16. Nf1 Qd7 17. Bd2 Re8 18.
Qc2 g4 19. Ne1 h5 20. Bf4 h4 21. Qd1 Ng7 22. Nc2 Ne7 23. Qd2 Ng6 24. Bg5 Qd8 25. Bxf6 Qxf6 26. Re1 Nf4 27. Nfe3 Kf8 28. Bf1 c6 29.
Nb4 Bd7 30. Nd3 Nxd3 31. Bxd3 Qg5 32. Nf1 Qxd2 33. Rxe8+ Kxe8 34. Nxd2 Ke7 35. g3 h3 36.
f3 f5 37. Kf2 Kf6 38. Ke3 Kg5 39. f4+ Kf6 40. Kf2 Ne8 41. Nb3 b6 42. Nc1 Nd6 43.
Ke3 c5 44. dxc5 bxc5 45. a3 Ba4 46. b4 c4 47. Bf1 Ne4 48. Ne2 Bd1 49. Nd4 Ba4 50.
Ne2 Ke7 51. Kd4 Nd2 52. Bxh3 gxh3 53. Ng1 Kd6 54. Nxh3 Nf3+ 55. Ke3 Nxh2 56. Ng5 Nf1+ 57. Kf2 Nd2 58. Ke3 Ne4 59. Nxe4+ fxe4 60. g4 Bd7 61. g5 Bf5 62. a4 Kc6 63. Kd4 Kd6 64. Ke3 Ke6 65.
Kd4 Kf7 66. b5 Bd7 67. Ke3 Kg6 68. Kd4 Be8 69. Ke3 Kf5 0-1

[Event "*** Titled Tuesday Blitz"]
[Site "Chess.com"]
[Date "2020.04.21"]
[Round "8"]
[White "Danfii"]
[Black "SCIM"]
[Result "1/2-1/2"]
[WhiteElo "2322"]
[BlackElo "2535"]
[TimeControl "180+1"]
[EndTime "11:40:15 PDT"]
[Termination "Game drawn - insufficient material"]

1. e4 c5 2. Nf3 e6 3. d4 cxd4 4. Nxd4 Nc6 5. Nc3 Qc7 6. Be3 a6 7. Qf3 Nf6 8. O-O-O Ne5 9. Qg3 b5 10. Bxb5 axb5 11. Ndxb5 Qb8 12. Bf4 Nh5 13. Bxe5 Nxg3 14. Bxb8 Nxh1 15. Nc7+ Kd8 16. Nxa8 Nxf2 17. Rf1 Ng4 18. h3 Nh6 19. Bc7+ Ke8 20. Ba5 Bc5 21. Nc7+ Ke7 22. Re1 Bb7 23. Na4 Bd6 24. Nb5 Bf4+ 25. Kb1 Bc6 26. Bb4+ d6 27. Nac3 Rb8 28. a4 Be5 29. Ba3 f6 30. Rd1 Nf7 31. Ka2 g5 32. Nd4 Bd7 33. Ncb5 Bxd4 34. Rxd4 Bxb5 35. Rb4 f5 36.
exf5 exf5 37. Rxb5 Rxb5 38. axb5 Ne5 39. Kb3 f4 40. c4 h5 41. c5 dxc5 42. Bxc5+ Kd7 43. Kc3 g4 44. hxg4 hxg4 45. Kd4 Ke6 46. b6 Nc6+ 47. Ke4 f3 48. gxf3 gxf3 49. Kxf3 Kd5 50. Be3 Na5 51. Ke2 Kc6 52. Kd3 Kb7 53. Kc3 Nc6 54. Kc4 Na5+ 55. Kb5 Nc6 56. b4 Nb8 57. Bf4 Nd7 58. Bc7 Nf6 59. Kc5 Ne4+ 60. Kd5 Nc3+ 61. Kc4 Ne4 62. Kd4 Nd2 63. Kc3 Ne4+ 64. Kd4 Nd2 65.
Bf4 Nf3+ 66. Ke3 Nh4 67. Bc7 Nf5+ 68. Ke4 Ne7 69. Ke5 Nc6+ 70. Kd6 Nxb4 71. Kc5 Na6+ 72.
Kb5 Nxc7+ 73. bxc7 Kxc7 1/2-1/2

[Event "*** Titled Tuesday Blitz"]
[Site "Chess.com"]
[Date "2020.04.21"]
[Round "8"]
[White "albi1999"]
[Black "obliviate12"]
[Result "1/2-1/2"]
[WhiteElo "2611"]
[BlackElo "2763"]
[TimeControl "180+1"]
[EndTime "11:40:18 PDT"]
[Termination "Game drawn by stalemate"]

1. d4 Nf6 2. c4 g6 3. g3 Bg7 4. Bg2 O-O 5. Nc3 c6 6. Nf3 d5 7. cxd5 cxd5 8. Ne5 Nfd7 9. Nf3 e6 10. O-O Nc6 11.
b3 Re8 12. Bb2 Nf6 13. Rc1 Bd7 14. e3 Rc8 15. Qe2 Qa5 16. Qd2 Bf8 17. Qe2 Ba3 18. Na4 Bxb2 19. Qxb2 b6 20. Nc3 Rc7 21. a3 Qa6 22.
Rc2 Rec8 23. Rfc1 Ne8 24. Bf1 Qb7 25. Nb5 Ne7 26. Nxc7 Rxc7 27. Rxc7 Nxc7 28. Qc3 Ne8 29. Ne5 Bc8 30. Bb5 Nd6 31. Bc6 Qc7 32. Bd7 Qxc3 33.
Rxc3 Bxd7 34. Nxd7 Nb5 35. Rc1 Nxa3 36. Rc7 Nb5 37.
Rb7 Nf5 38. Ne5 Nfd6 39. Rd7 h5 40. Nc6 a5 41. Na7 Kg7 42. Nxb5 Nxb5 43. Rb7 Nd6 44. Rxb6 Ne4 45. Rb5 Nd2 46. Kg2 g5 47. f3 g4 48.
fxg4 hxg4 49. Kf2 Ne4+ 50. Ke1 Ng5 51. Rxa5 Nf3+ 52. Kf2 Nxh2 53. b4 Nf3 54. b5 Nd2 55.
b6 Ne4+ 56. Ke1 Nd6 57. Ra7 Nc8 58. Rb7 Kf6 59. Rb8 Nd6 60. Ke2 Nc4 61. b7 Nd6 62. Kd3 Kf5 63. Kc3 f6 64. Kb4 Ke4 65. Kc5 Nxb7+ 66.
Rxb7 Kxe3 67. Re7 e5 68. Kxd5 Kf3 69. dxe5 fxe5 70. Rxe5 Kxg3 71. Ke4 Kf2 72. Kf4 g3 73. Ra5 g2 74. Ra2+ Kg1 75. Kg3 Kh1 76. Rxg2 1/2-1/2

[Event "*** Titled Tuesday Blitz"]
[Site "Chess.com"]
[Date "2020.04.21"]
[Round "8"]
[White "vaishali2001"]
[Black "Pavalamalli"]
[Result "1/2-1/2"]
[WhiteElo "2483"]
[BlackElo "2236"]
[TimeControl "180+1"]
[EndTime "11:40:21 PDT"]
[Termination "Game drawn by stalemate"]

1. e4 c5 2. Nf3 e6 3. d4 cxd4 4. Nxd4 a6 5. Be2 Nf6 6. Nc3 d6 7. O-O Be7 8. f4 O-O 9. Be3 Qc7 10. Kh1 b5 11. e5 dxe5 12. fxe5 Nfd7 13. Bf3 Bb7 14.
Bxb7 Qxb7 15. Bf4 Nc6 16. Nxc6 Qxc6 17. a4 b4 18. Ne2 Nb6 19. Nd4 Qd7 20. a5 Nd5 21.
Qg4 Nxf4 22. Rxf4 Bc5 23. Nb3 Qd5 24. Rc4 Ba7 25. Qe4 Rac8 26. Qxd5 exd5 27. Rxb4 Rxc2 28. Nd4 Rxb2 29. Nc6 Rxb4 30. Nxb4 Bd4 31. Rd1 Bxe5 32. Rxd5 f6 33. g3 Bc3 34. Nxa6 Ra8 35. Nc7 Rxa5 36.
Rxa5 Bxa5 37. Nd5 Kf7 38. Kg2 f5 39. Kf3 g5 40. h3 Ke6 41. Ne3 Bb6 42. Nc4 Bd4 43. Nd2 h5 44. g4 fxg4+ 45. hxg4 h4 46. Ne4 Bf6 47. Nf2 Be7 48. Ne4 Kd5 49. Nf2 Kd4 50.
Ne4 Kd3 51. Nxg5 Bxg5 52. Kg2 Ke4 53. Kh1 Kf3 54. Kh2 Kf4 55. Kh1 Kf3 56. Kh2 Kf2 57. Kh1 Kg3 58. Kg1 h3 59. Kh1 Kh4 60. Kg1 Kg3 61.
Kh1 Bf4 62. Kg1 h2+ 63. Kh1 Kh3 64. g5 Bxg5 1/2-1/2

[Event "*** Titled Tuesday Blitz"]
[Site "Chess.com"]
[Date "2020.04.21"]
[Round "8"]
[White "SloLev"]
[Black "Igor_Lysyj"]
[Result "0-1"]
[WhiteElo "2524"]
[BlackElo "2780"]
[TimeControl "180+1"]
[EndTime "11:40:27 PDT"]
[Termination "Igor_Lysyj won by resignation"]

1. e4 e5 2. Nf3 Nc6 3. d4 exd4 4.
Nxd4 Nf6 5. Nc3 Bb4 6. Nxc6 bxc6 7. Bd3 O-O 8. O-O d5 9. exd5 cxd5 10. Bg5 c6 11. Qf3 Bd6 12. Bxf6 Qxf6 13. Qxf6 gxf6 14.
Ne2 Be5 15. c3 Rb8 16. Rab1 c5 17. b4 c4 18. Bc2 Re8 19. Rfe1 Bg4 20. f3 Bh5 21. Kf2 Bg6 22. Bxg6 hxg6 23. a4 f5 24. Red1 Rbd8 25. h3 f4 26. a5 a6 27. b5 axb5 28.
Rxb5 d4 29. Nxd4 Bf6 30. a6 Ra8 31. Rb6 Bh4+ 32. Kf1 Re3 33. Ne2 Rae8 34. Rb2 Kg7 35. a7 Ra8 36. Rd7 Rd3 37. Nd4 Rxc3 38. Rb8 Re3 39. g3 fxg3 40. Rxa8 Re1+ 41. Kg2 Rd1 42. Rg8+ Kxg8 43. a8=Q+ Kg7 44. Ne2 Rxd7 45. Qa1+ Bf6 46. Qc1 c3 47. Nxg3 Be5 48. Ne4 Rb7 49. Nxc3 Rc7 50.
Qe3 Bxc3 51. Qe4 Bf6 52. h4 Rd7 53. Kh3 Rd4 54. Qe3 Rxh4+ 55. Kg2 Rh5 56. Qe2 Rg5+ 57.
Kf1 Rf5 58. Qd3 Rf4 59. Qb3 Rd4 60. Kg2 Rf4 61. Kg3 g5 62. Kg2 Be5 63. Qd3 f6 64.
Qb3 Kg6 65. Qb7 Rh4 66. Qd7 Rh2+ 67. Kg1 Rb2 68. Qe8+ Kf5 69. Qd7+ Kf4 70. Qg4+ Ke3 71. Qe4+ Kd2 72. Kg2 Kc3+ 73. Kh3 Rh2+ 0-1

[Event "*** Titled Tuesday Blitz"]
[Site "Chess.com"]
[Date "2020.04.21"]
[Round "8"]
[White "DraskovicL"]
[Black "Bulldog167"]
[Result "0-1"]
[WhiteElo "2590"]
[BlackElo "2788"]
[TimeControl "180+1"]
[EndTime "11:40:29 PDT"]
[Termination "Bulldog167 won by resignation"]

1. Nf3 Nf6 2. g3 b6 3. Bg2 Bb7 4. O-O c5 5. b3 g6 6. Bb2 Bg7 7.
c4 O-O 8. d4 cxd4 9. Nxd4 Bxg2 10. Kxg2 Nc6 11. Nc3 Qc7 12. Nf3 Qb7 13. Kg1 a6 14. Qd2 d6 15. Nd5 Ne8 16. Bxg7 Kxg7 17. Rac1 e6 18. Ne3 Ne7 19. Rfd1 Rd8 20. Ng4 Nf5 21.
Qc3+ Kg8 22. Nh4 f6 23. Ng2 h5 24. N4e3 Neg7 25. Nf4 Qf7 26. Nxf5 Nxf5 27. e4 Ne7 28.
Qb4 Nc8 29. Qa4 g5 30. Ne2 Qb7 31. Nd4 Rde8 32. Qc6 Qxc6 33. Nxc6 Rf7 34. Nb4 Ra7 35. Rd2 Kf7 36. Rcd1 a5 37. Nc6 Rc7 38. Nd4 Ke7 39. Nb5 Rd7 40. Kg2 Red8 41. f4 Na7 42. Nd4 gxf4 43. gxf4 Rg8+ 44. Kf3 Rc7 45. f5 e5 46. Ne2 Rd7 47. Nc3 Nc8 48. Nd5+ Kf7 49. a3 Rg4 50. h3 Rg5 51. b4 axb4 52. axb4 Ra7 53. Ne3 h4 54. c5 bxc5 55. bxc5 dxc5 56. Rd7+ Rxd7 57. Rxd7+ Ke8 58. Rc7 Rg3+ 59. Ke2 Nd6 60. Rxc5 Nxe4 61. Rc6 Rxh3 62. Nd5 Kf7 63. Rc7+ Kf8 64. Rh7 Nc3+ 65. Nxc3 Rxc3 66. Rxh4 Rg3 67. Rh6 Kg7 68. Rh2 Rg5 69. Rf2 Kh6 70. Ke3 Rg4 71. Rf3 Kg5 72. Rf2 Rf4 73.
Rh2 Kxf5 74. Rh8 0-1

[Event "*** Titled Tuesday Blitz"]
[Site "Chess.com"]
[Date "2020.04.21"]
[Round "8"]
[White "lupta_robin"]
[Black "rasmussvane"]
[Result "1/2-1/2"]
[WhiteElo "2540"]
[BlackElo "2843"]
[TimeControl "180+1"]
[EndTime "11:40:31 PDT"]
[Termination "Game drawn - insufficient material"]

1. e4 c6 2. d4 d5 3. Nc3 dxe4 4.
Nxe4 Nf6 5. Nxf6+ exf6 6. c3 Bd6 7. Bd3 O-O 8. Qc2 Re8+ 9. Ne2 h5 10. Be3 Nd7 11. O-O-O Nf8 12. Kb1 Be6 13. c4 Rc8 14.
Nf4 Bxf4 15. Bxf4 b5 16. Rhe1 bxc4 17. Bxc4 Bxc4 18. Qxc4 Rxe1 19. Rxe1 Qd7 20. Be3 Ne6 21. Rc1 Rc7 22. g3 a5 23. b3 g6 24. h3 Kg7 25.
g4 h4 26. Kb2 g5 27. Rc2 Qd6 28. a3 Qh2 29. Qa6 Qxh3 30. Qxa5 Rd7 31. Qf5 Qh1 32. f4 gxf4 33. Bxf4 Rd5 34. Bh6+ Kxh6 35. Qxf6+ Kh7 36. Qxf7+ Ng7 37. Rxc6 Rg5 38. Qf6 Qg2+ 39. Kc3 Qg3+ 40. Kc4 Qxg4 41. Qh6+ Kg8 42. Qd6 Qe2+ 43. Kc3 Qe3+ 44.
Kc4 Qe2+ 45. Kc3 Qf3+ 46. Kc4 Qf7+ 47. Kb4 Qd5 48. Qxd5+ Rxd5 49. Kc4 Rh5 50. a4 h3 51. Rf6 h2 52. Rf1 h1=Q 53. Rxh1 Rxh1 54. a5 Ra1 55.
Kb5 Ne6 56. d5 Nd4+ 57. Kb6 Nxb3 58. a6 Nc5 59. a7 Nd7+ 60. Kb7 Nc5+ 61. Kb8 Na6+ 62.
Kb7 Nc5+ 63. Kb8 Nd7+ 64. Kb7 Rb1+ 65. Kc7 Nb6 66. d6 Na8+ 67. Kc8 Kf7 68. d7 Nb6+ 69.
Kc7 Na8+ 70. Kc8 Rc1+ 71. Kb7 Rc7+ 72. Kxa8 Rxd7 73. Kb8 Rd8+ 74. Kc7 Re8 75. Kb7 Re7+ 76. Kb8 Re8+ 77. Kb7 Ke6 78. a8=Q Rxa8 79. Kxa8 1/2-1/2